 Dungeon Crawl Stone Soup version 0.29.1-15-g9cfb28693d (webtiles) character file.

Game seed: 157626505182897550

2585 LustLizard the Frost Mage (level 9, -5/66 HPs)
             Began as a Gnoll Wanderer on Mar 12, 2023.
             Was a Believer of Cheibriados.
             Asphyxiated
             ... on level 7 of the Dungeon.
             The game lasted 00:16:17 (9071 turns).

LustLizard the Frost Mage (Gnoll Wanderer)          Turns: 9071, Time: 00:16:17

Health: -5/66      AC:  6    Str: 15    XL:     9   Next: 58%
Magic:  18/19      EV: 14    Int: 21    God:    Cheibriados [**....]
Gold:   242        SH:  0    Dex: 15    Spells: 13/21 levels left

rFire   . . .      SeeInvis .   b - +2 whip (flame)
rCold   . . .      Faith    .   (no shield)
rNeg    + . .      Spirit   .   E - +2 leather armour {Will+}
rPois   .          Reflect  .   (no helmet)
rElec   .          Harm     .   z - scarf {+Inv}
rCorr   .          Rampage  .   e - +0 pair of gloves
Will    +....                   (no boots)
Stlth   +++.......              (no amulet)
HPRegen 0.21/turn               n - ring of positive energy
MPRegen 0.16/turn               (no ring)

@: lethally poisoned (-5 -> -14), very slow
A: fangs 1, strong nose, distributed training
a: Renounce Religion, Evoke Invisibility, Bend Time


You were on level 7 of the Dungeon.
You worshipped Cheibriados.
Cheibriados was pleased with you.
You visited 1 branch of the dungeon, and saw 7 of its levels.

You collected 242 gold pieces.

Inventory:

Hand Weapons
 a - a +0 dagger
 b - a +2 whip of flaming (weapon)
 g - a +2 short sword of venom
Missiles
 w - 10 poisoned darts
 y - a throwing net
Armour
 e - a +0 pair of gloves (worn)
 u - a +1 leather armour of cold resistance
 z - a scarf of invisibility (worn)
 E - a +2 leather armour of willpower (worn)
Jewellery
 n - a ring of positive energy (left hand)
Wands
 t - a wand of polymorph (9)
Scrolls
 f - 3 scrolls of identify
 i - a scroll of vulnerability {unknown}
 o - a scroll of torment {unknown}
 q - a scroll of teleportation
 x - 2 scrolls of noise {unknown}
 C - a scroll of magic mapping {unknown}
 D - 2 scrolls of amnesia {unknown}
Potions
 c - 5 potions of haste
 d - a potion of mutation
 h - a potion of flight
 j - 2 potions of might
 k - a potion of cancellation
 l - a potion of attraction
 m - 4 potions of curing
 v - 2 potions of brilliance
 A - a potion of lignification
 B - 3 potions of heal wounds {unknown}


   Skills:
 + Level 4.5 Fighting
 + Level 4.5 Short Blades
 + Level 4.5 Long Blades
 + Level 4.5 Axes
 + Level 4.5 Maces & Flails
 + Level 4.5 Polearms
 + Level 4.5 Staves
 + Level 4.5 Ranged Weapons
 + Level 5.3 Throwing
 + Level 5.3 Armour
 + Level 5.3 Dodging
 + Level 4.5 Stealth
 + Level 4.5 Shields
 + Level 5.3 Unarmed Combat
 + Level 6.8 Spellcasting
 + Level 3.7 Conjurations
 + Level 3.7 Hexes
 + Level 3.7 Summonings
 + Level 3.7 Necromancy
 + Level 3.7 Translocations
 + Level 3.7 Transmutations
 + Level 3.7 Fire Magic
 + Level 8.1 Ice Magic
 + Level 3.7 Air Magic
 + Level 3.7 Earth Magic
 + Level 3.7 Poison Magic
 + Level 5.0 Invocations
 + Level 4.5 Evocations


You had 13 spell levels left.
You knew the following spells:

 Your Spells              Type           Power      Damage    Failure   Level
a - Freeze                Ice            100%       1d11      1%          1
b - Hailstorm             Conj/Ice       32%        3d8       9%          4
c - Mephitic Cloud        Conj/Pois/Air  23%        N/A       7%          3

Your spell library contained the following spells:

 Spells                   Type           Power      Damage    Failure   Level
 Ensorcelled Hibernation  Hex/Ice        64%        N/A       1%          2
 Magic Dart               Conj           92%        1d7       2%          1
 Call Imp                 Summ           23%        N/A       3%          2


Dungeon Overview and Level Annotations

Branches:
Dungeon (7/15)
 Temple: D:4-7

Altars:
Ashenzari
Cheibriados

Shops:
D:4 [


Innate Abilities, Weirdness & Mutations

You have very sharp teeth.
Your uncanny sense of smell can sniff out nearby items.
Your experience applies equally to all skills.


Message History

You hit the orc priest but do no damage.
The orc priest is almost dead.
The kobold brigand hits you but does no damage.
Something hits you but does no damage.
You whack the orc priest! You burn the orc priest.
You kill the orc priest!
Cheibriados appreciates the change of pace.
The kobold brigand hits you with a +0 short sword.
Something hits you but does no damage.
You hit the kobold brigand. You burn the kobold brigand.
The kobold brigand is heavily wounded.
You miss the kobold brigand. Your bite misses the kobold brigand.
The kobold brigand is heavily wounded.
The kobold brigand hits you with a +0 short sword.
Something hits you. Something shocks you.
You hit the kobold brigand. You burn the kobold brigand.
The kobold brigand is severely wounded.
The kobold brigand completely misses you.
Something hits you. Something shocks you.
* * * LOW HITPOINT WARNING * * *
You hit the kobold brigand but do no damage.
The kobold brigand is severely wounded.
The kobold brigand hits you with a +0 short sword.
* * * LOW HITPOINT WARNING * * *
A jelly comes into view.
Something hits you.
* * * LOW HITPOINT WARNING * * *
Something shocks you.
* * * LOW HITPOINT WARNING * * *
Okay, then.
Blink to where?
Press: ? - help, Dir - move target
As you read the scroll of blinking, it crumbles to dust.
The kobold brigand throws a curare-tipped dart.
The curare-tipped dart misses you.
The kobold brigand throws a curare-tipped dart.
The curare-tipped dart hits you.
You are lethally poisoned!
You have difficulty breathing.
You die...

#...# ∆ #...# #.#.###
∆ ###.#...
##.....#########
##..............#
#...............#
#............@..#
####.........[..[..#∆
#...........)..?...#
..#................#
....#.)...{........#
.####..<..K.)......#
###...J.........#
.......<........#
####............#


You could see a kobold brigand and a jelly (wandering).

Vanquished Creatures
  Pikel (D:6)
  Grinder (D:3)
  Sigmund (D:4)
  2 sky beasts (D:6)
  3 black bears (D:6)
  2 ice beasts (D:6)
  An ogre (D:6)
  A kobold brigand (D:4)
  4 scorpions
  A necrophage (D:6)
  3 howler monkeys
  An orc priest (D:7)
  Crazy Yiuf (D:3)
  2 hounds
  2 jellies (D:5)
  Jessica (D:2)
  2 orc wizards (D:6)
  Ijyb (D:3)
  Natasha (twice) (D:3)
  Terence (D:2)
  An iguana (D:6)
  5 adders
  7 gnolls
  2 white imps (D:5)
  3 dart slugs
  17 orcs
  9 bats
  8 endoplasms
  14 goblins
  12 hobgoblins
  3 jackals (D:1)
  6 quokkas
  7 ball pythons
  5 frilled lizards
  11 kobolds
  7 rats
150 creatures vanquished.

Notes
Turn   | Place    | Note
-------+----------+-------------------------------------------
     0 | D:1      | LustLizard the Gnoll Wanderer began the quest for the Orb.
     0 | D:1      | LustLizard set off with the following items: a +0 dagger, a
                  | +0 ring mail, a potion of haste, a potion of mutation; and
                  | the following spell memorised: Freeze; and the following
                  | spells available to memorise: Ensorcelled Hibernation,
                  | Hailstorm.
     0 | D:1      | Reached XP level 1. HP: 13/13 MP: 6/6
   103 | D:1      | Reached XP level 2. HP: 19/19 MP: 4/7
   451 | D:1      | Reached skill level 5 in Spellcasting
   451 | D:1      | Reached XP level 3. HP: 22/25 MP: 6/9
   980 | D:1      | Reached skill level 1 in Invocations
  1273 | D:2      | Reached skill level 1 in Fighting
  1273 | D:2      | Reached skill level 1 in Short Blades
  1273 | D:2      | Reached skill level 1 in Long Blades
  1273 | D:2      | Reached skill level 1 in Axes
  1273 | D:2      | Reached skill level 1 in Maces & Flails
  1273 | D:2      | Reached skill level 1 in Polearms
  1273 | D:2      | Reached skill level 1 in Staves
  1273 | D:2      | Reached skill level 1 in Ranged Weapons
  1273 | D:2      | Reached skill level 1 in Stealth
  1273 | D:2      | Reached skill level 1 in Shields
  1273 | D:2      | Reached skill level 1 in Evocations
  1496 | D:2      | Noticed Terence
  1509 | D:2      | Killed Terence
  1510 | D:2      | Reached XP level 4. HP: 19/32 MP: 4/11
  1859 | D:2      | Reached skill level 1 in Conjurations
  1859 | D:2      | Reached skill level 1 in Hexes
  1859 | D:2      | Reached skill level 1 in Summonings
  1859 | D:2      | Reached skill level 1 in Necromancy
  1859 | D:2      | Reached skill level 1 in Translocations
  1859 | D:2      | Reached skill level 1 in Transmutations
  1859 | D:2      | Reached skill level 1 in Fire Magic
  1859 | D:2      | Reached skill level 1 in Air Magic
  1859 | D:2      | Reached skill level 1 in Earth Magic
  1859 | D:2      | Reached skill level 1 in Poison Magic
  2485 | D:2      | Noticed Jessica
  2524 | D:2      | Reached XP level 5. HP: 29/37 MP: 8/12
  2528 | D:2      | Killed Jessica
  2850 | D:3      | Noticed Grinder
  2861 | D:3      | Paralysed by Grinder for 3 turns
  2868 | D:3      | Paralysed by Grinder for 3 turns
  2877 | D:3      | Paralysed by Grinder for 2 turns
  3139 | D:3      | Noticed Ijyb
  3325 | D:3      | Noticed Natasha
  3335 | D:3      | Killed Natasha
  3509 | D:3      | Killed Ijyb
  3649 | D:3      | Reached XP level 6. HP: 44/44 MP: 13/13
  4016 | D:3      | Paralysed by Grinder for 5 turns
  4039 | D:3      | Paralysed by Grinder for 2 turns
  4481 | D:3      | Noticed Natasha
  4485 | D:3      | Killed Natasha
  4634 | D:3      | Found a runed translucent door.
  4635 | D:3      | Noticed Crazy Yiuf
  4837 | D:4      | Found Caffus's Armour Boutique.
  4970 | D:4      | Reached XP level 7. HP: 42/50 MP: 10/15
  5130 | D:4      | Found a snail-covered altar of Cheibriados.
  5142 | D:4      | Became a worshipper of Cheibriados the Contemplative
  5158 | D:4      | Noticed Sigmund
  5165 | D:4      | Killed Sigmund
  5382 | D:5      | Entered Level 5 of the Dungeon
  5477 | D:5      | Found a broken altar of Ashenzari.
  5724 | D:5      | Reached XP level 8. HP: 58/58 MP: 13/16
  5798 | D:5      | Noticed a two-headed ogre
  6078 | D:5      | Reached * piety under Cheibriados
  6376 | D:3      | Paralysed by Grinder for 3 turns
  6392 | D:3      | Killed Grinder
  6680 | D:3      | Learned a level 4 spell: Hailstorm
  6693 | D:3      | Killed Crazy Yiuf
  7563 | D:6      | Noticed Pikel
  7680 | D:6      | Killed Pikel
  7681 | D:6      | Reached skill level 8 in Ice Magic
  7681 | D:6      | Reached XP level 9. HP: 50/65 MP: 11/18
  7781 | D:6      | Reached skill level 5 in Throwing
  7781 | D:6      | Reached skill level 5 in Armour
  7781 | D:6      | Reached skill level 5 in Dodging
  7781 | D:6      | Reached skill level 5 in Unarmed Combat
  7979 | D:6      | Learned a level 3 spell: Mephitic Cloud
  8313 | D:6      | Reached ** piety under Cheibriados
  8889 | D:6      | Reached skill level 5 in Invocations
  9068 | D:7      | HP: 2/66 [something (6)]
  9071 | D:7      | Asphyxiated

Illustrated notes

Levels and vault maps discovered:
D:1:      dpeg_arrival_arbitrary_c, layout_basic
D:2:      layout_basic, kennysheep_cluttered_room, uniq_jessica, uniq_terence
D:3:      layout_basic, uniq_grinder, uniq_crazy_yiuf_cottage, uniq_natasha,
          uniq_ijyb
D:4:      layout_gridville, kennysheep_slug_shrine, serial_shops,
          nicolae_square_shop, nrook_mini_vaults, uniq_sigmund
D:5:      corexii_shantytown, layout_rooms, cheibrodos_ashenzari_chains,
          amethyst_killhole, dk_noncrumbling_2
D:6:      layout_rooms, uniq_pikel
D:7:      layout_rooms, general_overflow_altar,
          nicolae_overflow_hallway_of_the_gods, minmay_temple_entry_statues,
          uniq_joseph

Skill      XL: |  1  2  3  4  5  6  7  8  9 |
---------------+----------------------------+-----
Spellcasting   | 5 6 |  6.8
Invocations    | 1 2 3 4 5 |  5.0
Fighting       | 1 2 3 4 |  4.5
Short Blades   | 1 2 3 4 |  4.5
Long Blades    | 1 2 3 4 |  4.5
Axes           | 1 2 3 4 |  4.5
Maces & Flails | 1 2 3 4 |  4.5
Polearms       | 1 2 3 4 |  4.5
Staves         | 1 2 3 4 |  4.5
Ranged Weapons | 1 2 3 4 |  4.5
Stealth        | 1 2 3 4 |  4.5
Shields        | 1 2 3 4 |  4.5
Evocations     | 1 2 3 4 |  4.5
Conjurations   | 1 2 3 |  3.7
Hexes          | 1 2 3 |  3.7
Summonings     | 1 2 3 |  3.7
Necromancy     | 1 2 3 |  3.7
Translocations | 1 2 3 |  3.7
Transmutations | 1 2 3 |  3.7
Fire Magic     | 1 2 3 |  3.7
Air Magic      | 1 2 3 |  3.7
Earth Magic    | 1 2 3 |  3.7
Poison Magic   | 1 2 3 |  3.7
Throwing       | 3 4 5 |  5.3
Armour         | 3 4 5 |  5.3
Dodging        | 3 4 5 |  5.3
Unarmed Combat | 3 4 5 |  5.3
Ice Magic      | 8 |  8.1

Action                   |  1- 3 |  4- 6 |  7- 9 || total
-------------------------+-------+-------+-------++-------
Melee: Dagger            |    11 |       |       ||    11
       Bite              |     1 |     3 |    23 ||    27
       Short sword       |    13 |    20 |    96 ||   129
       Punch             |     1 |     1 |    10 ||    12
       Unarmed           |       |    15 |       ||    15
       Whip              |       |       |   119 ||   119
Throw: Dart              |       |     2 |    23 ||    25
       Throwing net      |       |       |     2 ||     2
 Cast: Freeze            |    44 |    93 |    63 ||   200
       Mephitic Cloud    |       |       |     9 ||     9
  Use: Scroll            |     2 |     3 |     8 ||    13
 Stab: Sleeping          |       |     1 |     4 ||     5
       Confused          |       |       |     3 ||     3
Armor: Ring mail         |    27 |    24 |       ||    51
       Leather armour    |       |     6 |    69 ||    75
Dodge: Dodged            |    25 |    57 |   161 ||   243
